 Dungeon Crawl Stone Soup version 0.26.1-11-gd32895ea62 (webtiles) character file.

Game seed: 444585983233022349

243 Felido the Cutter (level 5, -7/32 HPs)
             Began as a Deep Elf Fighter on June 27, 2021.
             Was an Initiate of Vehumet.
             Mangled by an ice beast (14 damage)
             ... on level 3 of the Dungeon.
             The game lasted 00:06:36 (3336 turns).

Felido the Cutter (Deep Elf Fighter)                Turns: 3336, Time: 00:06:36

Health: -7/32      AC:  7    Str: 14      XL:     5   Next: 82%
Magic:  7/7        EV:  7    Int: 11 (13) God:    Vehumet [......]
Gold:   61         SH:  8    Dex: 13 (14) Spells: 4/4 levels left

rFire    . . .     SeeInvis .   a - +0 rapier
rCold    . . .     Faith    .   c - +0 kite shield
rNeg     . . .     Spirit   .   b - +0 scale mail
rPois    .         Reflect  .   f - +1 hat
rElec    .         Harm     .   (no cloak)
rCorr    .         Rampage  .   (no gloves)
Will     .....                  (no boots)
Stlth    ..........             (no amulet)
HPRegen  0.10/turn              (no ring)
MPRegen  0.10/turn              (no ring)

@: no status effects
A: no striking features
a: Renounce Religion


You were on level 3 of the Dungeon.
You worshipped Vehumet.
Vehumet was noncommittal.
You visited 1 branch of the dungeon, and saw 3 of its levels.

You collected 61 gold pieces.

Inventory:

Hand Weapons
 a - a +0 rapier (weapon)
Armour
 b - a +0 scale mail (worn)
 c - a +0 kite shield (worn)
 f - a +1 hat (worn)
Wands
 i - a wand of enslavement (11)
Scrolls
 e - 2 scrolls of immolation {unknown}
 j - 3 scrolls of identify
 l - 2 scrolls of teleportation
 n - a scroll of blinking {unknown}
Potions
 d - a potion of might
 g - 2 potions of attraction


   Skills:
 + Level 2.9 Fighting
 + Level 4.1 Short Blades
 + Level 3.2 Armour
 + Level 1.2 Dodging
 + Level 0.4 Stealth
 + Level 3.3 Shields


You had 4 spell levels left.
You didn't know any spells.
Your spell library was empty.

Dungeon Overview and Level Annotations

Branches:
Dungeon (3/15)

Altars:
Vehumet
Wu Jian


Message History

You block the ice beast's attack.
You barely miss the ice beast.
The ice beast is heavily wounded.
The ice beast closely misses you.
You hit the ice beast.
The ice beast is severely wounded.
You block the ice beast's attack.
You hit the ice beast but do no damage.
The ice beast is severely wounded.
The ice beast hits you. The ice beast freezes you!
You hit the ice beast.
The ice beast is almost dead.
The ice beast hits you. The ice beast freezes you.
* * * LOW HITPOINT WARNING * * *
You hit the ice beast.
The ice beast is almost dead.
The ice beast hits you.
* * * LOW HITPOINT WARNING * * *
The ice beast freezes you!
You die...

######## #....Y.#
#.# #@# #.#..# #.#
#.#..# #.# #.#..##
#.####.# #.#...
#......# #.#..#
#.####.####.#..###
#......#....#
..................#
##############.####


You could see an ice beast.

Vanquished Creatures
  5 dancing weapons (D:3)
  A sky beast (D:3)
  A howler monkey (D:2)
  5 adders (D:2)
  4 worms (D:2)
  3 dart slugs
  A leopard gecko (D:1)
  2 giant cockroaches
  5 goblins
  6 hobgoblins
  4 jackals (D:2)
  4 kobolds (D:1)
  A ball python (D:2)
  3 bats
  4 frilled lizards
  6 rats
55 creatures vanquished.

Notes
Turn   | Place    | Note
-------+----------+-------------------------------------------
     0 | D:1      | Felido the Deep Elf Fighter began the quest for the Orb.
     0 | D:1      | Reached XP level 1. HP: 13/13 MP: 3/3
    98 | D:1      | Reached XP level 2. HP: 12/18 MP: 4/4
   997 | D:2      | Reached XP level 3. HP: 22/22 MP: 5/5
  1518 | D:2      | Reached XP level 4. HP: 22/27 MP: 6/6
  1647 | D:2      | Reached skill level 3 in Short Blades
  2010 | D:2      | Found an ornate altar of the Wu Jian Council.
  2017 | D:2      | Became a worshipper of the Wu Jian Council
  2075 | D:2      | Reached XP level 5. HP: 26/31 MP: 7/7
  2676 | D:3      | Found a radiant altar of Vehumet.
  2700 | D:3      | Fell from the grace of Wu Jian
  2700 | D:3      | Became a worshipper of Vehumet
  2840 | D:3      | Noticed a +1 broad axe of flaming
  2840 | D:3      | Noticed a +4 dire flail of freezing
  2840 | D:3      | Noticed a +2 vorpal great sword
  2840 | D:3      | Noticed a +4 quarterstaff of flaming
  2840 | D:3      | Noticed a +3 broad axe of flaming
  2841 | D:3      | Killed a +4 dire flail of freezing
  2849 | D:3      | Killed a +2 vorpal great sword
  2850 | D:3      | HP: 1/31 [+4 quarterstaff of flaming[the rancor of the Wu
                  | Jian Council] (1)]
  2854 | D:3      | Killed a +4 quarterstaff of flaming
  2855 | D:3      | Killed a +1 broad axe of flaming
  2856 | D:3      | Killed a +3 broad axe of flaming
  3141 | D:3      | Noticed a sky beast
  3156 | D:3      | Killed a sky beast
  3157 | D:3      | Reached skill level 4 in Short Blades
  3157 | D:3      | Reached skill level 1 in Dodging
  3324 | D:3      | Noticed an ice beast
  3336 | D:3      | Mangled by an ice beast

Illustrated notes

Levels and vault maps discovered:
D:1:      lightli_arrival_chessboard, layout_rooms, grunt_decor_junction
D:2:      layout_basic, nzn_wu_jian_contemplation
D:3:      cheibrodos_old_hovel, layout_basic, vehumet_crystals,
          gammafunk_ghost_grave, kennysheep_nub, chequers_serial_rivers_micro_b,
          elyvilon_altar_5

Skill      XL: |  1  2  3  4  5 |
---------------+----------------+-----
Shields        | 3 |  3.3
Armour         | 3 |  3.2
Short Blades   | 3 4 |  4.1
Dodging        | 1 |  1.2
Fighting       | |  2.9
Stealth        | |  0.4

Action                   |  1- 3 |  4- 6 || total
-------------------------+-------+-------++-------
Melee: Rapier            |   126 |   114 ||   240
Invok: Lunge             |       |     1 ||     1
  Use: Potion            |     2 |     3 ||     5
       Scroll            |     2 |       ||     2
Armor: Scale mail        |    46 |    39 ||    85
       Skin              |       |     1 ||     1
Dodge: Dodged            |    25 |    22 ||    47
Block: Kite shield       |    58 |    46 ||   104
